 Dungeon Crawl Stone Soup version 0.18-a0-1195-g77a4f03 (webtiles) character file.

175 musteatbrain the Magician (level 5, -1/35 HPs)
             Began as a Demonspawn Wizard on Jan 29, 2016.
             Slain by an orc (4 damage)
             ... on level 4 of the Dungeon.
             The game lasted 00:07:47 (4039 turns).

musteatbrain the Magician (Demonspawn Wizard)       Turns: 4039, Time: 00:07:47

Health: -1/35      AC:  6    Str:  7    XL:     5   Next: 29%
Magic:  10/11      EV: 11    Int: 19    God:
Gold:   96         SH:  3    Dex: 13    Spells: 4 memorised, 4 levels left

rFire  . . .     SeeInvis .     j - +2 dagger (venom)
rCold  . . .     Gourm    .     a - +0 robe
rNeg   . . .     Faith    .     e - +0 buckler
rPois  .         Spirit   .     b - +0 hat
rElec  .         Dismiss  .     g - +0 cloak
rCorr  .         Reflect  .     (no gloves)
SustAt .         Harm     .     y - +0 pair of boots
MR     .....                    (no amulet)
Stlth  ++........               (no ring)
                                (no ring)

@: slowed, very slow, not resistant to hostile enchantments, unstealthy
A: claws 1, thin metallic scales 1, demonic guardian 1
a: no special abilities


You were on level 4 of the Dungeon.
You were not hungry.

You visited 1 branch of the dungeon, and saw 4 of its levels.

You collected 96 gold pieces.

Inventory:

Hand Weapons
 j - a +2 dagger of venom (weapon)
 o - a +0 mace
Armour
 a - a +0 robe (worn)
 b - a +0 hat (worn)
 e - a +0 buckler (worn)
 g - a +0 cloak (worn)
 y - a +0 pair of boots (worn)
Magical Staves
 w - an uncursed staff of fire
Jewellery
 n - an uncursed ring of flight
 s - a +3 ring of protection {unknown}
Scrolls
 f - a scroll of remove curse
 i - 3 scrolls of immolation
 l - 2 scrolls of identify
 p - 2 scrolls of fog
 t - 2 scrolls of enchant armour {unknown}
 v - a scroll of teleportation {unknown}
Potions
 h - 4 potions of curing {unknown}
 k - 2 potions of cancellation {unknown}
 m - a potion of poison {unknown}
 q - a potion of haste {unknown}
 r - a potion of lignification {unknown}
 u - 2 potions of flight {unknown}
 z - a potion of might {unknown}
Books
 c - a book of Minor Magic

   Spells                             Type                      Level
   a - Magic Dart                     Conjuration                  1
   b - Blink                          Translocation                2
   c - Call Imp                       Summoning                    2
   d - Repel Missiles                 Charms/Air                   2
   e - Slow                           Hexes                        2
   f - Conjure Flame                  Conjuration/Fire             3
   g - Mephitic Cloud                 Conjuration/Poison/Air       3
Comestibles
 d - 2 bread rations
 x - 2 chunks of flesh


   Skills:
 + Level 0.0 Fighting
 + Level 0.6 Short Blades
 - Level 1.7 Dodging
 + Level 2.5 Stealth
 + Level 4.0 Spellcasting
 + Level 3.6 Conjurations
   Level 1.0 Summonings
 - Level 0.8 Translocations


You had 4 spell levels left.
You knew the following spells:

 Your Spells              Type           Power        Failure   Level  Hunger
a - Magic Dart            Conj           ###.         6%          1    None
b - Blink                 Tloc           N/A          28%         2    ##.....
c - Repel Missiles        Chrm/Air       #.....       34%         2    ##.....
d - Mephitic Cloud        Conj/Pois/Air  #.......     45%         3    ###....


Dungeon Overview and Level Annotations

Branches:
Dungeon (4/15)
 Temple: D:4-7

Altars:
Gozag
Pakellas
Qazlal


Innate Abilities, Weirdness & Mutations

You have sharp fingernails.
You are partially covered in thin metallic scales (AC +2).
A weak demonic guardian rushes to your aid.


Message History

You resist with some effort.
Your quasit bites the orc wizard but does no damage.
Your quasit barely misses the orc wizard.
Your quasit claws the orc wizard but does no damage.
The orc wizard hits you but does no damage.
The orc barely misses you.
Your quasit closely misses the orc wizard.
Your quasit misses the orc wizard.
Your quasit claws the orc wizard.
You barely miss the orc wizard.
The orc wizard is severely wounded.
The orc wizard hits you with a dagger.
* * * LOW HITPOINT WARNING * * *
The orc wizard hits you with a dagger.
* * * LOW HITPOINT WARNING * * *
The orc barely misses you.
Your quasit misses the orc wizard.
Your quasit claws the orc wizard but does no damage. x2
The orc wizard hits you with a dagger.
* * * LOW HITPOINT WARNING * * *
The orc hits you.
You die...

#...# #... # ##... .#
... #.# ......
###.###.#.#
.......))o.#
..##.###@###.#
#.......o5...#
#.##.###)###.#
####.##.###.#
####...........###.#
#.....<.##.........#
...##.##..............
# ###############


You could see an orc wizard, an orc and a friendly quasit.

Vanquished Creatures
  Ijyb (D:3)
  2 adders
  2 oozes (D:1)
  2 worms
  2 giant geckos
  10 orcs
  4 giant cockroaches
  7 goblins
  4 hobgoblins
  8 jackals
  4 quokkas
  11 bats
  8 giant newts
  5 kobolds
  7 rats
77 creatures vanquished.

Vanquished Creatures (collateral kills)
  An orc wizard (D:3)
1 creature vanquished.

Grand Total: 78 creatures vanquished

Notes
Turn   | Place    | Note
--------------------------------------------------------------
     0 | D:1      | musteatbrain the Demonspawn Wizard began the quest for the Orb.
     0 | D:1      | Reached XP level 1. HP: 13/13 MP: 4/4
   224 | D:1      | Gained mutation: You are partially covered in thin metallic scales (AC +2). [demonic ancestry]
   224 | D:1      | Reached XP level 2. HP: 5/19 MP: 0/6
  1144 | D:1      | Learned a level 2 spell: Blink
  1147 | D:1      | Learned a level 2 spell: Repel Missiles
  1182 | D:1      | Reached XP level 3. HP: 21/24 MP: 7/7
  1516 | D:2      | Found a stormy altar of Qazlal.
  1591 | D:2      | HP: 1/24 [hobgoblin (1)]
  2003 | D:2      | Found an oddly glowing altar of Pakellas.
  2544 | D:2      | Gained mutation: A weak demonic guardian rushes to your aid. [demonic ancestry]
  2544 | D:2      | Reached XP level 4. HP: 21/30 MP: 3/9
  3129 | D:3      | Learned a level 3 spell: Mephitic Cloud
  3231 | D:3      | Noticed Ijyb
  3344 | D:3      | Killed Ijyb
  3344 | D:3      | Reached skill level 4 in Spellcasting
  3344 | D:3      | Gained mutation: You have sharp fingernails. [demonic ancestry]
  3344 | D:3      | Reached XP level 5. HP: 30/35 MP: 9/11
  3419 | D:3      | Found an opulent altar of Gozag.
  4039 | D:4      | Slain by an orc

Vault maps used:
D:1:      minmay_arrival_plants_in_alcoves
D:2:      grunt_qazlal_sundering, grunt_pakellas_sulfur
D:3:      grunt_gozag_breadcrumbs, first_bread, hex_large, minmay_door_square,
          uniq_iyjb
D:4:      minivault_24, uniq_eustachio, uniq_blork_the_orc

Action                   |  1- 3 |  4- 6 || total
-------------------------+-------+-------++-------
Melee: Unarmed           |    63 |       ||    63
       Dagger            |    83 |    80 ||   163
 Cast: Magic Dart        |    55 |    14 ||    69
  Use: Scroll            |       |     9 ||     9
 Stab: Sleeping          |     2 |     3 ||     5
  Eat: Chunk             |     5 |     4 ||     9
       Pizza             |       |     1 ||     1
